 Dungeon Crawl Stone Soup version 0.32-a0-128-g77eb882913 (webtiles) character file.

Game seed: 6048771521548039432

15957 Newt the Fighter (level 12, -9/103 HPs)
             Began as a Merfolk Gladiator on Feb 7, 2024.
             Was an Initiate of Gozag.
             Mangled by a titanic slime creature (32 damage)
             ... on level 14 of the Dungeon.
             The game lasted 00:18:42 (14678 turns).

Newt the Fighter (Merfolk Gladiator)               Turns: 14678, Time: 00:18:43

Health: -9/103     AC:  7    Str: 25    XL:     12   Next: 32%
Magic:  12/12      EV: 21    Int:  8    God:    Gozag
Gold:   1422       SH:  0    Dex: 15    Spells: 11/11 levels left

rFire   + . .        P - +3 trident (drain)
rCold   + . .        Q - orb {mayhem}
rNeg    . . .        y - +2 leather armour {rPois}
rPois   +            e - +1 hat
rElec   .            s - scarf {rC+ rF+}
rCorr   .            (no gloves)
SInv    .            x - +0 pair of boots
Will    .....        V - amulet of the acrobat
Stlth   ++++         t - +5 ring of evasion
HPRegen 0.37/turn    u - +6 ring of strength
MPRegen 0.13/turn

%: mayhem, acrobat
@: studying Dodging
A: (nimble swimmer 2), mertail
a: Renounce Religion, Potion Petition, Call Merchant, Bribe Branch


You were on level 14 of the Dungeon.
You worshipped Gozag.
Gozag was most pleased with you.
You visited 2 branches of the dungeon, and saw 13 of its levels.
You also visited: Bailey.

You collected 2581 gold pieces.
You spent 1044 gold pieces at shops.
You paid 115 gold pieces to Gozag.

Inventory:

Hand Weapons
 L - a +3 heavy spear
 P - a +3 trident of draining (weapon)
Missiles
 d - 2 throwing nets
 g - 64 poisoned darts (quivered)
 F - 10 boomerangs
 O - a javelin
Armour
 e - a +1 hat (worn)
 s - a scarf of resistance (worn)
 x - a +0 pair of boots (worn)
 y - a +2 leather armour of poison resistance (worn)
 H - the +5 ring mail of the Jabberwock {rElec rPois Will- Dex+4}
   (You found it in a bailey)

   Dex+4:     It affects your dexterity (+4).
   rElec:     It insulates you from electricity.
   rPois:     It protects you from poison Will-: It decreases your willpower.
 M - a +0 ring mail of fire resistance
 Q - an orb of mayhem (worn)
Jewellery
 t - a +5 ring of evasion (left hand)
 u - a +6 ring of strength (right hand)
 R - a ring of resist corrosion
 U - a +5 ring of evasion
 V - an amulet of the acrobat (around neck)
Wands
 A - a wand of polymorph (19)
 C - a wand of roots (7)
 D - a wand of paralysis (14)
Scrolls
 f - a scroll of vulnerability
 i - 3 scrolls of teleportation
 l - 2 scrolls of poison
 p - 3 scrolls of immolation
 r - 2 scrolls of fear
 z - 2 scrolls of amnesia
 B - a scroll of torment
 E - 4 scrolls of enchant armour
 J - a scroll of butterflies
 K - a scroll of noise
 T - a scroll of revelation
 W - a scroll of blinking
Potions
 h - 6 potions of haste
 j - 5 potions of curing
 m - 3 potions of berserk rage
 o - 2 potions of brilliance
 q - 3 potions of lignification
 v - 2 potions of mutation
 w - 2 potions of degeneration
 G - 2 potions of experience {unknown}
 N - 2 potions of magic
 S - a potion of enlightenment
 Z - a potion of might


   Skills:
 + Level 12.8 Fighting
 * Level 12.7 Polearms
 - Level 2.0 Throwing
 - Level 9.2 Dodging
 - Level 8.0 Stealth
 - Level 9.5 Evocations


You had 11 spell levels left.
You didn't know any spells.
Your spell library contained the following spells:

 Spells                   Type           Power      Damage    Failure   Level
 Call Imp                 Summ           0%         N/A       58%         2
 Inner Flame              Hex/Fire       0%         N/A       83%         3
 Summon Ice Beast         Ice/Summ       0%         N/A       83%         3
 Volatile Blastmotes      Fire/Tloc      0%         2d10      83%         3
 Flame Wave               Conj/Fire      0%         2d4       99%         4
 Fulminant Prism          Conj/Alch      0%         3d5       99%         4
 Iskenderun's Mystic Bla  Conj/Tloc      0%         2d3       99%         4
 Sticky Flame             Fire/Alch      0%         2d4       99%         4
 Summon Blazeheart Golem  Fire/Summ      0%         N/A       99%         4
 Borgnjor's Vile Clutch   Necr/Erth      0%         N/A       100%        5
 Irradiate                Conj/Alch      0%         3d11      100%        5
 Summon Mana Viper        Hex/Summ       0%         N/A       100%        5
 Death Channel            Necr           0%         N/A       100%        6
 Haunt                    Necr/Summ      0%         N/A       100%        7
 Monstrous Menagerie      Summ           0%         N/A       100%        7
 Animate Dead             Necr           Unusable   N/A       N/A         4

Dungeon Overview and Level Annotations

Branches:
Dungeon (11/15)            Temple (1/1) D:5            Lair (0/5) D:10
    Orc (0/2) D:9          Bailey (visited)

Altars:
Ashenzari
Cheibriados
Dithmenos
Elyvilon
Fedhas
Gozag
Hepliaklqana
Kikubaaqudgha
Makhleb
Nemelex Xobeh
Okawaru
Qazlal
Ru
Sif Muna
Trog
Uskayaw
Vehumet
Wu Jian
Xom
Yredelemnul
Zin
The Shining One

Shops:
D:4 =   D:7 =   D:14 :


Innate Abilities, Weirdness & Mutations

((You are very nimble when in or above water. (Stealth+, EV+, Speed+++)))
Your lower body shifts to a powerful aquatic tail in water.


Message History

Two slime creatures merge to form a very large slime creature.
Unknown command.
You puncture the large slime creature!
The large slime creature is moderately wounded.
You puncture the large slime creature!
The large slime creature is heavily wounded.
You hit the large slime creature. You drain the large slime creature.
The large slime creature is heavily wounded.
Two slime creatures merge to form a titanic slime creature.
You puncture the titanic slime creature!
The titanic slime creature is moderately wounded.
Found 13 gold pieces.
Found a scroll of vulnerability.
The titanic slime creature seems less drained. 2 slime creatures come into view.
A slime creature comes into view.
Found a coppery potion.
The slime creature quivers.
Found 2 scrolls of identify.
The titanic slime creature hits you!!!
Ouch! That really hurt!
The titanic slime creature attacks as it pursues you!
The titanic slime creature barely misses you.
The titanic slime creature attacks as it pursues you!
The titanic slime creature completely misses you.
The titanic slime creature attacks as it pursues you!
The titanic slime creature closely misses you.
Two slime creatures merge to form a large slime creature.
The titanic slime creature attacks as it pursues you!
The titanic slime creature completely misses you.
The titanic slime creature attacks as it pursues you!
The titanic slime creature hits you!!
* * * LOW HITPOINT WARNING * * *
Aiming: Paralyse
Press: ? - help, Shift-Dir - straight line, f - titanic slime creature
Aim: a titanic slime creature (moderately wounded, chance to affect: 53%)
The titanic slime creature resists with significant effort.
The titanic slime creature hits you!!
You die...
Your body crumbles into a pile of gold.

###### #....#
#....# #.....#.
#.... #.......
#... ##.......
#..# #......#.
#..# #......#.
#@.# #.J....##
#J.# #........
#..# #####........
#J.###............
#.................
#..#..#..#..#.....
#.#..#..#..#J.#.##
#...#..#..#..#..#
#..#..#..#..#...#


You could see a titanic slime creature and a large slime creature.

Vanquished Creatures
  Gastronok (D:8)
  A hydra (D:10)
  2 death yaks (D:10)
  Lodul (D:10)
  Pikel (D:5)
  A deep elf pyromancer (D:14)
  An orc sorcerer (Bailey)
  A cyclops (D:14)
  An unseen horror (D:10)
  A kobold demonologist (Bailey)
  Jeremiah (D:8)
  Psyche (D:8)
  A hornet (D:9)
  Grinder (D:3)
  A vampire (D:10)
  7 yaks
  A wyvern (D:10)
  Eustachio (D:5)
  Grum (D:8)
  A warg (D:9)
  2 steam dragons
  Edmund (D:5)
  Duvessa (D:7)
  An acid dragon (D:9)
  3 water moccasins
  14 orc warriors
  5 ice beasts
  2 black bears
  2 wolves (D:8)
  10 ogres
  4 centaurs
  2 lemures (D:5)
  4 phantoms
  Blork the orc (D:6)
  8 kobold brigands
  A bullfrog (D:9)
  2 gnoll sergeants (D:7)
  5 scorpions
  7 wights
  Dowan (D:7)
  4 killer bees (D:9)
  7 electric eels
  A howler monkey (D:7)
  2 jellies
  6 orc priests
  4 hounds
  3 sleepcaps
  3 iguanas
  12 orc wizards
  2 hell rats (D:10)
  3 gnolls (D:5)
  2 river rats (D:10)
  6 adders
  A shadow imp (D:8)
  4 ufetubi
  2 ribbon worms (D:2)
  3 dart slugs
  56 orcs
  7 bats
  4 endoplasms
  3 giant cockroaches
  15 goblins
  15 hobgoblins
  7 jackals (D:1)
  29 kobolds
  4 quokkas
  11 ball pythons
  5 frilled lizards
  10 rats
334 creatures vanquished.

Vanquished Creatures (collateral kills)
  An ogre (D:10)
  A wight (D:9)
  6 orcs
  6 kobolds
14 creatures vanquished.

Vanquished Creatures (others)
  A death yak (D:10)
  A kobold brigand (D:9)
  A kobold (D:10)
3 creatures vanquished.

Grand Total: 351 creatures vanquished

Notes
Turn   | Place    | Note
-------+----------+-------------------------------------------
     0 | D:1      | Newt the Merfolk Gladiator began the quest for the Orb.
     0 | D:1      | Reached XP level 1. HP: 16/16 MP: 1/1
   180 | D:1      | Reached XP level 2. HP: 23/23 MP: 2/2
   488 | D:1      | Reached skill level 5 in Polearms
   494 | D:1      | Reached XP level 3. HP: 22/28 MP: 3/3
   971 | D:2      | Found a snail-covered altar of Cheibriados.
  1088 | D:2      | Reached XP level 4. HP: 25/35 MP: 4/4
  1731 | D:3      | Reached XP level 5. HP: 39/41 MP: 5/5
  1780 | D:3      | Noticed Grinder
  1794 | D:3      | Killed Grinder
  1795 | D:3      | Reached XP level 6. HP: 25/49 MP: 6/6
  2204 | D:3      | Found a sparkling altar of Nemelex Xobeh.
  2557 | D:4      | Reached XP level 7. HP: 55/55 MP: 7/7
  2800 | D:4      | Reached skill level 5 in Fighting
  3285 | D:4      | Found Kiwelatwa's Jewellery Emporium.
  3697 | D:5      | Entered Level 5 of the Dungeon
  3752 | D:5      | Noticed Eustachio
  3774 | D:5      | Killed Eustachio
  3802 | D:5      | Reached XP level 8. HP: 22/64 MP: 8/8
  4329 | D:5      | Found a staircase to the Ecumenical Temple.
  4491 | D:5      | Noticed Pikel
  4558 | D:5      | Killed Pikel
  4681 | D:5      | Reached XP level 9. HP: 65/72 MP: 9/9
  4752 | D:5      | Found a bloodstained altar of Trog.
  4756 | D:5      | Noticed Edmund
  4772 | D:5      | Killed Edmund
  4773 | D:5      | Reached skill level 10 in Polearms
  4888 | D:5      | Found a glowing silver altar of Zin.
  5525 | D:6      | Found a snail-covered altar of Cheibriados.
  5819 | D:6      | Noticed Blork the orc
  5833 | D:6      | Killed Blork the orc
  5834 | D:6      | Reached skill level 1 in Evocations
  5916 | D:6      | Found an ancient bone altar of Kikubaaqudgha.
  6149 | Temple   | Entered the Ecumenical Temple
  6155 | Temple   | Became a worshipper of Gozag Ym Sagoz the Greedy
  6227 | D:7      | Found a flagged portal.
  6276 | Bailey   | Entered a bailey
  6822 | Bailey   | Reached XP level 10. HP: 64/83 MP: 10/10
  6927 | Bailey   | Reached skill level 5 in Evocations
  7082 | Bailey   | Found an iron altar of Okawaru.
  7084 | Bailey   | Noticed an orc sorcerer
  7085 | Bailey   | Noticed a kobold demonologist
  7099 | Bailey   | Noticed a sixfirhy
  7106 | Bailey   | Paralysed by an orc sorcerer for 3 turns
  7111 | Bailey   | Killed an orc sorcerer
  7847 | Bailey   | Noticed a sun demon
  7847 | Bailey   | Noticed a sun demon
  7848 | Bailey   | Killed a kobold demonologist
  7857 | Bailey   | Identified the +5 ring mail of the Jabberwock {rElec rPois
                  | Will- Dex+4}
  8182 | D:7      | Found Dissef's Jewellery Emporium.
  8230 | D:7      | Acquired a manual of Dodging
  8263 | D:7      | Bought a +6 ring of strength for 504 gold pieces
  8360 | D:7      | Reached skill level 10 in Fighting
  8574 | D:7      | Noticed Dowan
  8575 | D:7      | Noticed Duvessa
  8584 | D:7      | Killed Dowan
  8602 | D:7      | Killed Duvessa
  8784 | D:7      | Found a broken altar of Ashenzari.
  9231 | D:8      | Got the Directory of Cooperative Degeneration
  9309 | D:8      | Noticed Psyche
  9316 | D:8      | Killed Psyche
  9761 | D:8      | Noticed Gastronok
  9763 | D:8      | Noticed Jeremiah
  9774 | D:8      | Killed Gastronok
  9775 | D:8      | Reached XP level 11. HP: 43/93 MP: 11/11
  9780 | D:8      | Killed Jeremiah
 10031 | D:8      | Noticed Grum
 10074 | D:8      | Killed Grum
 10299 | D:8      | Reached skill level 1 in Stealth
 10703 | D:9      | Found a blossoming altar of Fedhas.
 10848 | D:9      | Found a hazy altar of Hepliaklqana.
 10880 | D:9      | Paralysed by a hornet for 1 turns
 11523 | D:9      | Found a staircase to the Orcish Mines.
 11542 | D:9      | Reached skill level 5 in Stealth
 11738 | D:9      | Found a burning altar of Makhleb.
 11848 | D:9      | Found an ornate altar of the Wu Jian Council.
 11920 | D:10     | Entered Level 10 of the Dungeon
 11999 | D:10     | Noticed Lodul
 12023 | D:10     | Killed Lodul
 12523 | D:10     | Found a staircase to the Lair.
 12524 | D:10     | Noticed a death yak
 12524 | D:10     | Noticed a death yak
 12524 | D:10     | Noticed a death yak
 12983 | D:10     | Reached XP level 12. HP: 90/102 MP: 12/12
 13385 | D:10     | Killed a death yak
 13723 | D:10     | Killed a death yak
 13730 | D:10     | Killed a death yak
 14104 | D:10     | Noticed a seven-headed hydra
 14111 | D:10     | Killed a seven-headed hydra
 14294 | D:10     | Found Gipero Uwo's Distillery.
 14297 | D:10     | Bought a potion of might for 48 gold pieces
 14297 | D:10     | Bought a potion of curing for 36 gold pieces
 14297 | D:10     | Bought 2 potions of curing for 72 gold pieces
 14297 | D:10     | Bought a potion of heal wounds for 60 gold pieces
 14297 | D:10     | Bought a potion of heal wounds for 60 gold pieces
 14297 | D:10     | Bought a potion of cancellation for 96 gold pieces
 14297 | D:10     | Bought a potion of attraction for 36 gold pieces
 14297 | D:10     | Bought a potion of magic for 96 gold pieces
 14297 | D:10     | Bought a potion of lignification for 36 gold pieces
 14434 | D:11     | You fall into a shaft and drop 3 floors!
 14581 | D:14     | Found Xoffuanept's Book Shop.
 14678 | D:14     | Mangled by a titanic slime creature

Illustrated notes

Levels and vault maps discovered:
D:1:      dpeg_arrival_connections, layout_basic
D:2:      minmay_spotlight, layout_basic, basic_altar
D:3:      layout_basic, nicolae_overflow_crystal_walls, uniq_grinder
D:4:      layout_basic, serial_shops, nicolae_shop_trees
D:5:      layout_loops_ring, mainiacjoe_overflow_surrounded_room, zin_treasury,
          minmay_temple_entry_from_below_a, minmay_misc_feat_tiny,
          chequers_serial_rivers_micro_c, uniq_pikel, uniq_eustachio,
          uniq_edmund
D:6:      layout_basic, nicolae_overflow_hidden_temple, cheibriados_altar_1,
          uniq_blork_the_orc
D:7:      layout_gridville, mainiacjoe_overflow_cross_hatched, enter_bailey_5,
          serial_shops, nicolae_shop_gaudy_bauble, kennysheep_generic_room_2,
          uniq_duvessa
D:8:      layout_gridville, uniq_psyche, uniq_gastronok, uniq_jeremiah,
          uniq_grum
D:9:      layout_basic, mainiacjoe_overflow_boulevard,
          nicolae_wu_jian_immortal_techniques, lightli_temple_of_fire,
          fedhas_altar_3, erik_orc_3
D:10:     layout_roguey, dpeg_lair_monsters, serial_shops, kennysheep_mini,
          corexii_hall_statues_i, uniq_lodul
D:11:     layout_stronghold, nicolae_trove_entry_crystal, uniq_nergalle
D:14:     layout_irregular_city, serial_shops, kennysheep_little_box,
          serial_rivers, chequers_serial_rivers_micro_e,
          chequers_serial_rivers_small_a, chequers_serial_rivers_micro_d,
          chequers_serial_rivers_large_a, chequers_serial_rivers_micro_c,
          minmay_misc_feat_diagonals, chequers_avenue, uniq_kirke, uniq_azrael,
          uniq_agnes
Temple:   nicolae_temple_no_exploring_needed

Skill      XL: |  1  2  3  4  5  6  7  8  9 10 11 12 |
---------------+-------------------------------------+-----
Polearms       | 5 6 9 11 12 | 12.7
Fighting       | 3 4 6 7 9 11 12 | 12.8
Dodging        | 6 7 9 |  9.2
Evocations     | 4 9 |  9.5
Stealth        | 8 |  8.0
Throwing       | |  2.0

Action                     |  1- 3 |  4- 6 |  7- 9 | 10-12 || total
---------------------------+-------+-------+-------+-------++-------
  Melee: Trident           |   117 |   161 |   475 |   531 ||  1284
         Punch             |     2 |     8 |    20 |    16 ||    46
         Tailslap          |       |       |     6 |     7 ||    13
         Spear             |       |       |       |   162 ||   162
  Throw: Throwing net      |       |     1 |     3 |     1 ||     5
         Dart              |       |       |    10 |    19 ||    29
         Javelin           |       |       |       |     1 ||     1
         Boomerang         |       |       |       |     1 ||     1
  Evoke: Wand              |       |       |       |    15 ||    15
    Use: Scroll            |     2 |     6 |     5 |    10 ||    23
         Potion            |     1 |       |     1 |       ||     2
   Stab: Sleeping          |     2 |     1 |     2 |     5 ||    10
         Distracted        |       |     1 |       |     4 ||     5
         Held in net/web   |       |     1 |       |     1 ||     2
         Paralysed         |       |       |       |    20 ||    20
 Armour: Leather armour    |    73 |    56 |   122 |   178 ||   429
  Dodge: Dodged            |    66 |    86 |   312 |   359 ||   823

Table legend: (Time is in decaauts)
 A = Elapsed time spent in this place.
 B = Non-inter-level travel time spent in this place.
 C = Inter-level travel time spent in this place.
 D = Time resting spent in this place.
 E = Time spent auto-exploring this place.
 F = Levels seen in this place.
 G = Mean time per level.
                   A        B        C        D        E       F      G
               +--------+--------+--------+--------+--------+-----+--------+
         Total |  14377 |  13988 |    389 |   3985 |   7469 |  14 | 1026.9 |
       Dungeon |  12665 |  12285 |    380 |   3094 |   6931 |  12 | 1055.4 |
        Temple |     13 |      4 |      9 |      0 |      0 |   1 |   13.0 |
        Bailey |   1697 |   1697 |      0 |    891 |    538 |   1 | 1697.0 |
               +--------+--------+--------+--------+--------+-----+--------+

Top non-repeatable levels by time:
    D:10: 2090 daAuts
  Bailey: 1697 daAuts
     D:9: 1528 daAuts
     D:8: 1428 daAuts
     D:4: 1380 daAuts
     D:5: 1352 daAuts
     D:7: 1146 daAuts
     D:6: 1097 daAuts
     D:1: 931 daAuts
     D:2: 787 daAuts
     D:3: 604 daAuts
    D:14: 236 daAuts
    D:11: 83 daAuts
  Temple: 13 daAuts
